| TOP OF THE 1ST |
|
Los Angeles Dodgers batting - Pitching for Pittsburgh Pirates : LHP Felix Bernal
|
|
Pitching: LHP Felix Bernal
|
|
|
Batting: RHB Tim Nettles
|
0-0: Ball 1-0: Foul Ball, location: 2F 1-1: Foul Ball, location: 2F 1-2: Ball 2-2: Fly out, F9 (Flyball, 9S, EV 86.9 MPH)
|
|
Batting: RHB Tsutomu Irie
|
0-0: Called Strike 0-1: Foul Ball, location: 2F 0-2: Strikes out looking
|
|
Batting: LHB Lirak Bazhunaishvili
|
0-0: Ball 1-0: Foul Ball, location: 2F 1-1: Ball 2-1: Ground out 5-3 (Groundball, 56S, EV 68.8 MPH)
|
| Top of the 1st over - 0 runs, 0 hits, 0 errors, 0 left on base; Los Angeles 0 - Pittsburgh 0 |
| BOTTOM OF THE 1ST |
|
Pittsburgh Pirates batting - Pitching for Los Angeles Dodgers : RHP Jeremy Stock
|
|
Pitching: RHP Jeremy Stock
|
|
|
Batting: LHB Jordan de Jesus
|
0-0: Ground out 5-3 (Groundball, 5, EV 106.2 MPH)
|
|
Batting: RHB Chiel Palstermans
|
0-0: Ball 1-0: SINGLE (Line Drive, 7LM, EV 101.2 MPH)
|
|
Batting: LHB Brad Pepin
|
0-0: Called Strike 0-1: Swinging Strike 0-2: Ball 1-2: Strikes out swinging
|
|
Batting: LHB Nick Rooney
|
0-0: Ball Chiel Palstermans is caught stealing 2nd base 2-6
|
| Bottom of the 1st over - 0 runs, 1 hit, 0 errors, 0 left on base; Los Angeles 0 - Pittsburgh 0 |
| TOP OF THE 2ND |
|
Los Angeles Dodgers batting - Pitching for Pittsburgh Pirates : LHP Felix Bernal
|
|
Batting: RHB Clay Buchanan
|
0-0: Called Strike 0-1: Foul Ball, location: 2F 0-2: SOLO HOME RUN (Line Drive, 7D, EV 100.0 MPH), Distance : 376 ft
|
|
Batting: SHB Joel Baker
|
0-0: Ball 1-0: Ball 2-0: Fly out, F5 (Popup, 5SF, EV 76.9 MPH)
|
|
Batting: RHB Danny Dyer
|
0-0: Hit by Pitch
|
|
Batting: SHB Shane Marcum
|
0-0: Ball 1-0: Foul Ball, location: 2F 1-1: Foul Ball, location: 2F 1-2: Strikes out swinging
|
|
Batting: RHB Wing-kit Bu
|
0-0: Ball 1-0: Foul Ball, location: 2F 1-1: Foul Ball, location: 2F 1-2: Ball 2-2: Foul Ball, location: 2F 2-2: Ground out 2-3 (Groundball, 15S, EV 71.2 MPH)
|
| Top of the 2nd over - 1 run, 1 hit, 0 errors, 1 left on base; Los Angeles 1 - Pittsburgh 0 |
| BOTTOM OF THE 2ND |
|
Pittsburgh Pirates batting - Pitching for Los Angeles Dodgers : RHP Jeremy Stock
|
|
Batting: LHB Nick Rooney
|
0-0: Ball 1-0: Ball 2-0: Fly out, F8 (Line Drive, 8LM, EV 93.1 MPH)
|
|
Batting: LHB Xavier Pittman
|
0-0: Ball 1-0: Swinging Strike 1-1: Foul Ball, location: 2F 1-2: SINGLE (Groundball, 56D, EV 95.6 MPH)
|
|
Batting: SHB Jack Andrews
|
0-0: Fly out, F7 (Flyball, 7LS, EV 88.8 MPH)
|
|
Batting: RHB Jason Moss
|
0-0: Ball Xavier Pittman steals 2nd base 1-0: Called Strike 1-1: Ball 2-1: Ground out 1-3 (Groundball, 15S, EV 68.1 MPH)
|
| Bottom of the 2nd over - 0 runs, 1 hit, 0 errors, 1 left on base; Los Angeles 1 - Pittsburgh 0 |
| TOP OF THE 3RD |
|
Los Angeles Dodgers batting - Pitching for Pittsburgh Pirates : LHP Felix Bernal
|
|
Batting: SHB Benjamin Brown
|
0-0: Swinging Strike 0-1: Ball 1-1: Foul Ball, location: 2F 1-2: Strikes out swinging
|
|
Batting: RHB Tim Nettles
|
0-0: Ball 1-0: Ground out 4-3 (Groundball, 34, EV 103.1 MPH)
|
|
Batting: RHB Tsutomu Irie
|
0-0: Fly out, F8 (Flyball, 89D, EV 105.0 MPH)
|
| Top of the 3rd over - 0 runs, 0 hits, 0 errors, 0 left on base; Los Angeles 1 - Pittsburgh 0 |
| BOTTOM OF THE 3RD |
|
Pittsburgh Pirates batting - Pitching for Los Angeles Dodgers : RHP Jeremy Stock
|
|
Batting: SHB Brad Day
|
0-0: Bunt missed! 0-1: Ball 1-1: Ground out 3-1 (Groundball, 34S, EV 89.4 MPH)
|
|
Batting: LHB Sammy Roddenberry
|
0-0: Ground out 4-3 (Groundball, 4, EV 97.5 MPH)
|
|
Batting: LHB Jordan de Jesus
|
0-0: Ball 1-0: Swinging Strike 1-1: Ball 2-1: Fly out, F7 (Flyball, 7, EV 91.9 MPH)
|
| Bottom of the 3rd over - 0 runs, 0 hits, 0 errors, 0 left on base; Los Angeles 1 - Pittsburgh 0 |
| TOP OF THE 4TH |
|
Los Angeles Dodgers batting - Pitching for Pittsburgh Pirates : LHP Felix Bernal
|
|
Batting: LHB Lirak Bazhunaishvili
|
0-0: Swinging Strike 0-1: Ball 1-1: Ball 2-1: Swinging Strike 2-2: Ball 3-2: Base on Balls
|
|
Batting: RHB Clay Buchanan
|
0-0: Fly out, F9 (Line Drive, 89S, EV 92.5 MPH)
|
|
Batting: SHB Joel Baker
|
0-0: Called Strike Lirak Bazhunaishvili steals 2nd base 0-1: Ball 1-1: Ground out 4-3 (Groundball, 4D, EV 105.0 MPH) Lirak Bazhunaishvili to third
|
|
Batting: RHB Danny Dyer
|
0-0: Ball 1-0: DOUBLE (Line Drive, 89D, EV 104.4 MPH) Lirak Bazhunaishvili scores
|
|
Batting: SHB Shane Marcum
|
0-0: Called Strike 0-1: Ball 1-1: Ball 2-1: Called Strike 2-2: Strikes out swinging
|
| Top of the 4th over - 1 run, 1 hit, 0 errors, 1 left on base; Los Angeles 2 - Pittsburgh 0 |
| BOTTOM OF THE 4TH |
|
Pittsburgh Pirates batting - Pitching for Los Angeles Dodgers : RHP Jeremy Stock
|
|
Batting: RHB Chiel Palstermans
|
0-0: Swinging Strike 0-1: Ball 1-1: Called Strike 1-2: Ground out 2-3 (Groundball, 15S, EV 64.4 MPH)
|
|
Batting: LHB Brad Pepin
|
0-0: Ball 1-0: Ball 2-0: Foul Ball, location: 2F 2-1: Swinging Strike 2-2: SINGLE (Line Drive, 6MD, EV 100.0 MPH)
|
|
Batting: LHB Nick Rooney
|
0-0: Ball 1-0: Called Strike 1-1: Foul Ball, location: 2F 1-2: Strikes out swinging
|
|
Batting: LHB Xavier Pittman
|
0-0: Ball 1-0: Ball 2-0: Swinging Strike 2-1: Foul Ball, location: 2F 2-2: Ball 3-2: Base on Balls Brad Pepin to second
|
|
Batting: SHB Jack Andrews
|
0-0: Ball 1-0: Ball 2-0: Ball 3-0: Base on Balls Brad Pepin to third Xavier Pittman to second
|
|
Batting: RHB Jason Moss
|
0-0: Ball 1-0: Fielders Choice at 2nd, U6 (Groundball, 6M, EV 87.5 MPH)
|
| Bottom of the 4th over - 0 runs, 1 hit, 0 errors, 3 left on base; Los Angeles 2 - Pittsburgh 0 |
| TOP OF THE 5TH |
|
Los Angeles Dodgers batting - Pitching for Pittsburgh Pirates : LHP Felix Bernal
|
|
Batting: RHB Wing-kit Bu
|
0-0: Ball 1-0: Ball 2-0: Foul Ball, location: 2F 2-1: Ball 3-1: SINGLE (Line Drive, 7S, EV 88.1 MPH)
|
|
Batting: SHB Benjamin Brown
|
0-0: Swinging Strike 0-1: Ball 1-1: Foul Ball, location: 2F 1-2: Strikes out swinging
|
|
Batting: RHB Tim Nettles
|
0-0: Ball 1-0: Called Strike 1-1: Called Strike 1-2: Ball 2-2: Ball Wing-kit Bu is caught stealing 2nd base 2-4 3-2: Strikes out looking
|
| Top of the 5th over - 0 runs, 1 hit, 0 errors, 0 left on base; Los Angeles 2 - Pittsburgh 0 |
| BOTTOM OF THE 5TH |
|
Pittsburgh Pirates batting - Pitching for Los Angeles Dodgers : RHP Jeremy Stock
|
|
Batting: SHB Brad Day
|
0-0: Ball 1-0: Foul Ball, location: 2F 1-1: Foul Ball, location: 2F 1-2: Foul Ball, location: 2F 1-2: Fly out, F4 (Popup, 3D, EV 52.5 MPH)
|
|
Batting: LHB Sammy Roddenberry
|
0-0: Ball 1-0: Foul Ball, location: 2F 1-1: Fly out, F9 (Line Drive, 9S, EV 98.1 MPH)
|
|
Batting: LHB Jordan de Jesus
|
0-0: Ground out 6-3 (Groundball, 56D, EV 81.2 MPH)
|
| Bottom of the 5th over - 0 runs, 0 hits, 0 errors, 0 left on base; Los Angeles 2 - Pittsburgh 0 |
| TOP OF THE 6TH |
|
Los Angeles Dodgers batting - Pitching for Pittsburgh Pirates : LHP Felix Bernal
|
|
Batting: RHB Tsutomu Irie
|
0-0: Ball 1-0: Ball 2-0: Ball 3-0: Base on Balls
|
|
Batting: LHB Lirak Bazhunaishvili
|
0-0: Swinging Strike 0-1: Ball 1-1: Called Strike 1-2: Ball 2-2: Strikes out looking
|
|
Batting: RHB Clay Buchanan
|
0-0: Ball 1-0: Called Strike 1-1: Foul Ball, location: 2F 1-2: Strikes out looking
|
|
Batting: SHB Joel Baker
|
0-0: Foul Ball, location: 2F 0-1: Called Strike 0-2: Ball 1-2: Ball 2-2: Ground out 1-3 (Groundball, 34S, EV 61.9 MPH)
|
| Top of the 6th over - 0 runs, 0 hits, 0 errors, 1 left on base; Los Angeles 2 - Pittsburgh 0 |
| BOTTOM OF THE 6TH |
|
Pittsburgh Pirates batting - Pitching for Los Angeles Dodgers : RHP Jeremy Stock
|
|
Batting: RHB Chiel Palstermans
|
0-0: Ball 1-0: Swinging Strike 1-1: Ball 2-1: Foul Ball, location: 2F 2-2: Ball 3-2: Foul Ball, location: 2F 3-2: Strikes out looking
|
|
Batting: LHB Brad Pepin
|
0-0: Called Strike 0-1: Ball 1-1: Foul Ball, location: 2F 1-2: Ball 2-2: Ball 3-2: Strikes out swinging
|
|
Batting: LHB Nick Rooney
|
0-0: SINGLE (Line Drive, 7S, EV 93.1 MPH)
|
|
Batting: LHB Xavier Pittman
|
0-0: Ball 1-0: SINGLE (Line Drive, 9LS, EV 103.8 MPH) Nick Rooney to second
|
|
Batting: SHB Jack Andrews
|
0-0: Ball 1-0: Ball 2-0: Ball 3-0: Base on Balls Nick Rooney to third Xavier Pittman to second
|
|
Pinch Hitting: LHB Chris Salim
|
0-0: Fly out, F8 (Flyball, 8LD, EV 99.4 MPH)
|
| Bottom of the 6th over - 0 runs, 2 hits, 0 errors, 3 left on base; Los Angeles 2 - Pittsburgh 0 |
| TOP OF THE 7TH |
|
Los Angeles Dodgers batting - Pitching for Pittsburgh Pirates : LHP Felix Bernal
|
|
Now in LF: Chris Salim
|
|
|
Batting: RHB Danny Dyer
|
0-0: Swinging Strike 0-1: Called Strike 0-2: Foul Ball, location: 2F 0-2: Fly out, F4 (Popup, 3S, EV 70.6 MPH)
|
|
Batting: SHB Shane Marcum
|
0-0: Ball 1-0: Foul Ball, location: 2F 1-1: Swinging Strike 1-2: Ball 2-2: Ground out 4-3 (Groundball, 4S, EV 86.9 MPH)
|
|
Batting: RHB Wing-kit Bu
|
0-0: Ball 1-0: SINGLE (Groundball, 25, EV 65.6 MPH) (infield hit)
|
|
Batting: SHB Benjamin Brown
|
0-0: Fly out, F9 (Line Drive, 89M, EV 93.1 MPH)
|
| Top of the 7th over - 0 runs, 1 hit, 0 errors, 1 left on base; Los Angeles 2 - Pittsburgh 0 |
| BOTTOM OF THE 7TH |
|
Pittsburgh Pirates batting - Pitching for Los Angeles Dodgers : RHP Jeremy Stock
|
|
Now at 1B: John Piccolo
|
|
|
Batting: SHB Brad Day
|
0-0: Ball 1-0: Ball 2-0: Ball 3-0: Base on Balls
|
|
Batting: LHB Sammy Roddenberry
|
0-0: Ball Brad Day is caught stealing 2nd base 2-6 1-0: Ball 2-0: Called Strike 2-1: Ball 3-1: Foul Ball, location: 2F 3-2: Fly out, F8 (Flyball, 8RD, EV 98.8 MPH)
|
|
Batting: LHB Jordan de Jesus
|
0-0: Called Strike 0-1: Ball 1-1: Called Strike 1-2: Ball 2-2: Ground out 5-3 (Groundball, 5S, EV 86.9 MPH)
|
| Bottom of the 7th over - 0 runs, 0 hits, 0 errors, 0 left on base; Los Angeles 2 - Pittsburgh 0 |
| TOP OF THE 8TH |
|
Los Angeles Dodgers batting - Pitching for Pittsburgh Pirates : LHP Felix Bernal
|
|
Batting: RHB Tim Nettles
|
0-0: Ball 1-0: Called Strike 1-1: Foul Ball, location: 2F 1-2: Ball 2-2: Foul Ball, location: 2F 2-2: Fly out, F8 (Flyball, 8RS, EV 89.4 MPH)
|
|
Batting: RHB Tsutomu Irie
|
0-0: Called Strike 0-1: Ball 1-1: SINGLE (Line Drive, 8LS, EV 92.5 MPH)
|
|
Pitching: LHP Tim Wichman
|
|
|
Batting: LHB Lirak Bazhunaishvili
|
0-0: Fly out, F9 (Flyball, 9, EV 91.9 MPH)
|
|
Batting: RHB Clay Buchanan
|
0-0: Ball 1-0: Ball 2-0: Swinging Strike 2-1: Ball 3-1: SINGLE (Line Drive, 56D, EV 94.4 MPH) Tsutomu Irie to second
|
|
Batting: SHB Joel Baker
|
0-0: Called Strike 0-1: Called Strike 0-2: Foul Ball, location: 2F 0-2: Fly out, F7 (Line Drive, 7D, EV 99.4 MPH)
|
| Top of the 8th over - 0 runs, 2 hits, 0 errors, 2 left on base; Los Angeles 2 - Pittsburgh 0 |
| BOTTOM OF THE 8TH |
|
Pittsburgh Pirates batting - Pitching for Los Angeles Dodgers : RHP Jeremy Stock
|
|
Pitching: LHP Gavin White
|
|
|
Batting: RHB Chiel Palstermans
|
0-0: Ball 1-0: SINGLE (Flyball, 34D, EV 93.8 MPH)
|
|
Batting: LHB Brad Pepin
|
0-0: Swinging Strike 0-1: Foul Ball, location: 2F 0-2: Ball 1-2: Foul Ball, location: 2F 1-2: Fly out, F5 (Popup, 5SF, EV 79.4 MPH)
|
|
Batting: LHB Nick Rooney
|
0-0: Fly out, F6 (Popup, 6, EV 79.4 MPH)
|
|
Batting: LHB Xavier Pittman
|
0-0: Ball 1-0: Foul Ball, location: 2F 1-1: Ball 2-1: Foul Ball, location: 2F 2-2: Foul Ball, location: 2F 2-2: Fielders Choice at 2nd, 6-4 (Groundball, 6, EV 103.1 MPH)
|
| Bottom of the 8th over - 0 runs, 1 hit, 0 errors, 1 left on base; Los Angeles 2 - Pittsburgh 0 |
| TOP OF THE 9TH |
|
Los Angeles Dodgers batting - Pitching for Pittsburgh Pirates : LHP Tim Wichman
|
|
Batting: RHB John Piccolo
|
0-0: Called Strike 0-1: Swinging Strike 0-2: Foul Ball, location: 2F 0-2: Ball 1-2: Ball 2-2: Foul Ball, location: 2F 2-2: Foul Ball, location: 2F 2-2: Fly out, F4 (Popup, 4S, EV 71.2 MPH)
|
|
Batting: SHB Shane Marcum
|
0-0: Ball 1-0: Called Strike 1-1: Foul Ball, location: 2F 1-2: Strikes out swinging
|
|
Batting: RHB Wing-kit Bu
|
0-0: Ball 1-0: SINGLE (Line Drive, 8RS, EV 86.2 MPH)
|
|
Batting: SHB Benjamin Brown
|
0-0: Ball 1-0: Ball Wing-kit Bu steals 2nd base 2-0: Foul Ball, location: 2F 2-1: Ground out 4-3 (Groundball, 4, EV 80.6 MPH)
|
| Top of the 9th over - 0 runs, 1 hit, 0 errors, 1 left on base; Los Angeles 2 - Pittsburgh 0 |
| BOTTOM OF THE 9TH |
|
Pittsburgh Pirates batting - Pitching for Los Angeles Dodgers : LHP Gavin White
|
|
Pitching: RHP Geoff Mooney
|
|
|
Batting: SHB Jack Andrews
|
0-0: Ball 1-0: Ball 2-0: Called Strike 2-1: Ball 3-1: Called Strike 3-2: Strikes out swinging
|
|
Batting: LHB Chris Salim
|
0-0: Fly out, F7 (Flyball, 78S, EV 84.4 MPH)
|
|
Batting: SHB Brad Day
|
0-0: Called Strike 0-1: Ball 1-1: Ground out 6-3 (Groundball, 4M, EV 81.9 MPH)
|
| Bottom of the 9th over - 0 runs, 0 hits, 0 errors, 0 left on base; Los Angeles 2 - Pittsburgh 0 |
|